 Dungeon Crawl Stone Soup version 0.16-a0-910-g739c61c (webtiles) character file.

167 Chiseanne the Shield-Bearer (level 5, -4/43 HPs)
             Began as a Formicid Fighter on Sept 29, 2014.
             Slain by an orc warrior
             ... wielding a +0 mace
              (19 damage)
             ... on Level 4 of the Dungeon.
             The game lasted 00:08:35 (2452 turns).

Chiseanne the Shield-Bearer (Formicid Fighter)      Turns: 2452, Time: 00:08:35

HP  -4/43        AC  7     Str 24      XL: 5   Next: 76%
MP  16/16        EV  8     Int  8      God:
Gold 186         SH 10     Dex 12      Spells:  0 memorised,  4 levels left

rFire  + . .     SeeInvis +     a - +2 war axe
rCold  + . .     Clarity  .     b - +0 scale mail
rNeg   . . .     rCorr    +     c - +0 shield
rPois  +         rRot     .     (helmet unavailable)
rElec  +         Spirit   .     (no cloak)
SustAb .         Warding  .     (no gloves)
rMut   .         Stasis   +     (no boots)
Gourm  .                        (no amulet)
MR     .....                    (no ring)
                                o - ring of magical power

@: mighty, resistant, very slightly contaminated, invisible, not resistant to
hostile enchantments, extremely unstealthy
A: permanent stasis, dig shafts and tunnels, four strong arms, antennae 3, agile
1, regeneration 1, weak 1
a: Dig, Shaft Self


You were on level 4 of the Dungeon.
You were not hungry.

You visited 1 branch of the dungeon, and saw 4 of its levels.

You collected 186 gold pieces.

Inventory:

Hand weapons
 a - a +2 war axe (weapon)
 i - a +2 short sword of venom
Missiles
 f - 3 tomahawks (quivered)
Armour
 b - a +0 scale mail (worn)
 c - a +0 shield (worn)
Magical devices
 e - a wand of fireball (5)
Comestibles
 d - 3 bread rations
 s - a chunk of jackal flesh
Scrolls
 t - a scroll of identify
Jewellery
 o - a ring of magical power (left hand)
Potions
 g - a potion of invisibility
 h - 2 potions of curing


   Skills:
 * Level 4.4 Fighting
 - Level 2.0 Axes
 * Level 4.8 Armour
 * Level 5.0 Shields


You had 4 spell levels left.
You didn't know any spells.

Dungeon Overview and Level Annotations

Branches:
Dungeon (4/15)
 Temple: D:4-7

Altars:
Nemelex Xobeh
Sif Muna


Innate Abilities, Weirdness & Mutations

Your are under a permanent stasis effect.
You can dig through walls and to a lower floor.
Your four strong arms can wield two-handed weapons with a shield.
You have a pair of large antennae on your head (SInv).
You are agile. (Dex +2)
Your natural rate of healing is unusually fast.
You are weak. (Str -2)


Message History

You feel clumsy.
It was a potion of degeneration.
The orc warrior hits you with a mace.
Drink which item? (? for menu, Esc to quit)
You feel extremely strange.
You feel agile.
You feel weaker.
You begin to heal more quickly.
It was a potion of mutation.
The orc warrior hits you with a mace!
Drink which item? (? for menu, Esc to quit)
Magic courses through your body.
It was a potion of magic.
The orc warrior barely misses you.
Drink which item? (? for menu, Esc to quit)
You feel your dexterity returning.
It was a potion of restore abilities.
The orc priest becomes somewhat translucent.
You block the orc warrior's attack.
You closely miss the orc warrior.
The orc warrior is heavily wounded.
The orc warrior completely misses you.
Your shield and scale mail prevent you from hitting the orc warrior.
The orc warrior is heavily wounded.
The orc warrior hits you with a mace!!
You die...

#.# ... #.# ........ #<#
#.......# #.#####.#
#...o.... #.......#
#..(....# ###.#####
....o).### #.# {..{{.....
#.######.##########.##.....
..........@oooo............
#.######.#########.........
#.######.#.....{....##.....
.........#.########.# #.##
............# #)# #
#.########.## #.# ### #.#
..# ###


You could see an orc warrior, an orc priest and 2 orcs.

Vanquished Creatures
  A worker ant (D:3)
  5 adders
  2 worms (D:2)
  A giant gecko (D:2)
  3 oozes
  An orc (D:3)
  3 giant cockroaches
  9 goblins
  8 hobgoblins
  10 jackals
  A quokka (D:3)
  8 bats
  2 giant newts
  14 kobolds
  A quokka skeleton (D:3)
  7 rats
76 creatures vanquished.

Notes
Turn   | Place    | Note
--------------------------------------------------------------
     0 | D:1      | Chiseanne, the Formicid Fighter, began the quest for the Orb.
     0 | D:1      | Reached XP level 1. HP: 18/18 MP: 1/1
    81 | D:1      | Reached XP level 2. HP: 24/24 MP: 3/3
   464 | D:1      | Reached skill level 4 in Armour
   478 | D:1      | Reached XP level 3. HP: 29/29 MP: 4/4
   852 | D:2      | Reached XP level 4. HP: 28/37 MP: 5/5
  1767 | D:3      | Reached XP level 5. HP: 40/42 MP: 7/7
  1867 | D:3      | Found a sparkling altar of Nemelex Xobeh.
  2165 | D:3      | Reached skill level 5 in Shields
  2196 | D:3      | Found a deep blue altar of Sif Muna.
  2421 | D:4      | Noticed an orc warrior
  2441 | D:4      | HP: 1/43 [orc warrior/mace (18)]
  2448 | D:4      | Gained mutation: You are agile. (Dex +2) [potion of mutation]
  2448 | D:4      | Gained mutation: You are weak. (Str -2) [potion of mutation]
  2448 | D:4      | Gained mutation: Your natural rate of healing is unusually fast. [potion of mutation]
  2452 | D:4      | Slain by an orc warrior

Action                   |  1- 3 |  4- 6 || total
-------------------------+-------+-------++-------
Melee: War axe           |    87 |   126 ||   213
Evoke: Wand              |       |     1 ||     1
  Use: Scroll            |     3 |     5 ||     8
       Potion            |       |    12 ||    12
 Stab: Invisible         |       |     1 ||     1
  Eat: Chunk             |       |     5 ||     5
